 Dungeon Crawl Stone Soup version 0.30.1-11-g7821555f0a (webtiles) character file.

Game seed: 7397771571821326573

224 lonewolfV2 the Trooper (level 6, 0/51 HPs)
             Began as a Formicid Fighter on Nov 15, 2023.
             Was a Follower of Okawaru.
             Slain by Crazy Yiuf
             ... wielding a +4 quarterstaff of chaos
              (23 damage)
             ... on level 3 of the Dungeon.
             The game lasted 00:03:39 (2326 turns).

lonewolfV2 the Trooper (Formicid Fighter)           Turns: 2326, Time: 00:03:39

Health: 0/51       AC:  8    Str: 22    XL:     6   Next: 20%
Magic:  0/6        EV:  9    Int:  8    God:    Okawaru [*.....]
Gold:   42         SH: 11    Dex: 16    Spells: 5/5 levels left

rFire   . . .        a - +2 war axe
rCold   . . .        c - +1 buckler
rNeg    . . .        b - +0 scale mail
rPois   .            (helmet unavailable)
rElec   .            (no cloak)
rCorr   .            e - +0 pair of gloves {Dex+3}
SInv    +            (no boots)
Will    .....        f - amulet of reflection Stlth
                     (no ring)
HPRegen 0.28/turn    (no ring)
MPRegen 0.10/turn

%: reflection
@: no status effects
A: permanent stasis, dig shafts and tunnels, antennae 3, four strong arms
a: Dig, Shaft Self, Renounce Religion, Heroism


You were on level 3 of the Dungeon.
You worshipped Okawaru.
Okawaru was aware of your devotion.
You visited 1 branch of the dungeon, and saw 3 of its levels.

You collected 203 gold pieces.
You spent 161 gold pieces at shops.

Inventory:

Hand Weapons
 a - a +2 war axe (weapon)
Armour
 b - a +0 scale mail (worn)
 c - a +1 buckler (worn)
 e - a +0 pair of gloves of dexterity (worn)
Jewellery
 f - an amulet of reflection (around neck)
Wands
 g - a wand of paralysis (10)
Scrolls
 h - a scroll of identify
Potions
 d - 2 potions of might
 j - a potion of resistance
 k - a potion of experience {unknown}
 l - a potion of haste {unknown}


   Skills:
 + Level 5.5 Fighting
 - Level 2.0 Axes
 + Level 5.5 Armour
 - Level 4.0 Shields


You had 5 spell levels left.
You didn't know any spells.
Your spell library contained the following spells:

 Spells                   Type           Power      Damage    Failure   Level
 Freezing Cloud           Conj/Ice/Air   0%         6-21      100%        5
 Conjure Ball Lightning   Conj/Air       0%         3x3d6     100%        6
 Vhi's Electric Charge    Tloc/Air       Unusable   N/A       N/A         3

Dungeon Overview and Level Annotations

Branches:
Dungeon (3/15)

Altars:
Kikubaaqudgha
Okawaru

Shops:
D:3 ([![

Annotations:
D:3 Crazy Yiuf


Innate Abilities, Weirdness & Mutations

You cannot be hasted, slowed, berserked, paralysed or teleported.
You can dig through walls and to a lower floor.
You have a pair of large antennae on your head. (SInv)
Your four strong arms can wield two-handed weapons with a shield.


Message History

You hit the bush but do no damage.
The bush is lightly damaged.
You slash the fungus! You hit the bush but do no damage.
The bush is lightly damaged.
You completely miss the fungus.
A nearby fungus withers and dies.
You slash the bush!
The bush is lightly damaged.
Found a hammer.
Found a runed translucent door.
Could not explore, unopened runed door.
You open the door. You hit Crazy Yiuf.
Crazy Yiuf is lightly wounded.
Crazy Yiuf drinks a potion.
Crazy Yiuf seems to grow stronger.
Crazy Yiuf hits you with a +4 quarterstaff of chaos.
Crazy Yiuf freezes you.
You closely miss Crazy Yiuf.
Crazy Yiuf is lightly wounded.
Crazy Yiuf hits you with a +4 quarterstaff of chaos!!
Crazy Yiuf freezes you.
You completely miss Crazy Yiuf.
Crazy Yiuf is lightly wounded.
You block Crazy Yiuf's attack.
You closely miss Crazy Yiuf. You block Crazy Yiuf's attack. x2
You barely miss Crazy Yiuf. You block Crazy Yiuf's attack.
You hit Crazy Yiuf.
Crazy Yiuf is moderately wounded.
Crazy Yiuf hits you with a +4 quarterstaff of chaos!
* * * LOW HITPOINT WARNING * * *
Crazy Yiuf freezes you.
* * * LOW HITPOINT WARNING * * *
You block Crazy Yiuf's attack.
You hit Crazy Yiuf.
Crazy Yiuf is heavily wounded.
Crazy Yiuf hits you with a +4 quarterstaff of chaos!
* * * LOW HITPOINT WARNING * * *
You feel your power leaking away.
You feel much better.
Crazy Yiuf hits you with a +4 quarterstaff of chaos!!
You die...

....###
##########.#.....###....
#.....# ####....###....
#.###.# #........... ..#
#.# ##### #.#.####....
.## #.# #..)#
#........... ### #.#
#...# #..[........
..###.##### ...
#...........
..........## #g#
#<......####
..######...# ♣♣@♣
#........... ..# ##..#
♣.♣♣ ############ ###
##.# ♣♣.♣ #.# ♣.♣♣ #.#
♣♣.♣♣ #.# ♣..P♣♣ #.#
♣P...♣ #.# #....#
#.###....#


You could see Crazy Yiuf (strong).

Vanquished Creatures
  A jelly (D:1)
  2 orc priests (D:3)
  An orc wizard (D:3)
  4 adders
  A worm (D:1)
  A dart slug (D:1)
  3 orcs (D:3)
  2 ball pythons
  2 bats
  10 endoplasms
  7 giant cockroaches
  5 goblins
  2 hobgoblins (D:2)
  4 jackals
  3 kobolds
  7 quokkas
  2 frilled lizards (D:2)
  10 rats
67 creatures vanquished.

Notes
Turn   | Place    | Note
-------+----------+-------------------------------------------
     0 | D:1      | lonewolfV2 the Formicid Fighter began the quest for the
                  | Orb.
     0 | D:1      | Reached XP level 1. HP: 18/18 MP: 1/1
     1 | D:1      | Found a runed translucent door.
     1 | D:1      | Noticed a jelly
    17 | D:1      | Reached XP level 2. HP: 20/24 MP: 2/2
    42 | D:1      | Reached XP level 3. HP: 19/30 MP: 3/3
    52 | D:1      | Reached XP level 4. HP: 27/37 MP: 4/4
   694 | D:1      | Got the Precepts of Twisted Damage
  1259 | D:2      | Found a faded altar of an unknown god.
  1294 | D:2      | Prayed at the altar of an unknown god.
  1294 | D:2      | Became a worshipper of Warmaster Okawaru
  1294 | D:2      | Reached * piety under Okawaru
  1322 | D:2      | Found an ancient bone altar of Kikubaaqudgha.
  1517 | D:2      | Reached XP level 5. HP: 42/43 MP: 5/5
  1745 | D:3      | Found Wuyw's Armour Shop.
  1753 | D:3      | Reached skill level 5 in Fighting
  1766 | D:3      | Bought a +0 pair of gloves of dexterity for 161 gold pieces
  1953 | D:3      | Found Gezxuolo's Weapon Shoppe.
  2025 | D:3      | Reached skill level 5 in Armour
  2040 | D:3      | Found Ufiu's Distillery.
  2126 | D:3      | Found Suum's Armour Shoppe.
  2146 | D:3      | Reached XP level 6. HP: 49/51 MP: 6/6
  2314 | D:3      | Found a runed translucent door.
  2315 | D:3      | Noticed Crazy Yiuf
  2325 | D:3      | HP: 1/51 [Crazy Yiuf/+4 quarterstaff of chaos (12)]
  2326 | D:3      | Slain by Crazy Yiuf

Illustrated notes

Levels and vault maps discovered:
D:1:      dpeg_arrival_caged_fury, layout_basic, minmay_cupped
D:2:      layout_basic, basic_altar, basic_ecumenical_altar
D:3:      layout_rooms, serial_shops, shop, nicolae_shop_peninsula, shop, shop,
          uniq_crazy_yiuf_cottage

Skill      XL: |  1  2  3  4  5 |
---------------+----------------+-----
Fighting       | 4 5 |  5.5
Armour         | 4 5 |  5.5
Axes           | |  2.0
Shields        | |  4.0

Action                     |  1- 3 |  4- 6 || total
---------------------------+-------+-------++-------
  Melee: War axe           |    41 |   126 ||   167
    Use: Scroll            |       |    10 ||    10
         Potion            |       |     2 ||     2
 Armour: Scale mail        |    28 |    43 ||    71
  Dodge: Dodged            |    16 |    36 ||    52
  Block: Buckler           |    14 |    78 ||    92
